 Dungeon Crawl Stone Soup version 0.19-a0-926-g4486784 (console) character file.

17911 utis the Protected (level 12, -8/91 HPs)
             Began as a Formicid Fighter on July 6, 2016.
             Was a Priest of Elyvilon.
             Killed from afar by a frost giant (16 damage)
             ... with a bolt of cold
             ... in an ice cave.
             The game lasted 00:54:26 (18452 turns).

utis the Protected (Formicid Fighter)              Turns: 18452, Time: 00:54:26

Health: -8/91      AC: 14    Str: 22    XL:     12   Next: 88%
Magic:  16/19      EV: 12    Int: 12    God:    Elyvilon [***...]
Gold:   804        SH: 10    Dex: 17    Spells: 0 memorised, 11 levels left

rFire  x . .     SeeInvis +     a - +9 great sword {venom, +Rage rC+ Int+4 Dex+3}
rCold  + + .     Gourm    .     I - +3 chain mail
rNeg   . . .     Faith    .     d - +0 shield
rPois  .         Spirit   .     (helmet unavailable)
rElec  .         Dismiss  .     (no cloak)
rCorr  .         Reflect  .     (no gloves)
SustAt .         Harm     .     (no boots)
MR     ++...                    (no amulet)
Stlth  ..........               M - ring of protection from magic
                                C - ring of ice

@: protection, very resistant to hostile enchantments, extremely unstealthy
A: permanent stasis, dig shafts and tunnels, four strong arms, antennae 3,
repulsion field 1
a: Dig, Shaft Self, Lesser Healing, Heal Other, Purification, Divine Protection,
Renounce Religion


You were in an ice cave.
You worshipped Elyvilon.
Elyvilon was most pleased with you.
You were hungry.

You visited 2 branches of the dungeon, and saw 11 of its levels.
You also visited: Ice Cave.

You collected 804 gold pieces.

Inventory:

Hand Weapons
 a - the +9 great sword "Dauziat" (weapon) {venom, +Rage rC+ Int+4 Dex+3}
   (You found it on level 9 of the Dungeon)

   It poisons the flesh of those it strikes.
   It affects your intelligence (+4).
   It affects your dexterity (+3).
   It protects you from cold.
   It lets you go berserk.
 b - a +0 shortbow
 c - a +0 blowgun {@w1}
Missiles
 e - 3 javelins
 h - 136 stones
 n - 15 tomahawks (quivered)
 t - 61 poisoned needles
 w - 29 sling bullets
 H - 187 arrows
 R - 17 bolts
Armour
 d - a +0 shield (worn)
 i - a +0 helmet
 I - a +3 chain mail (worn)
Jewellery
 C - a ring of ice (left hand)
 F - an uncursed ring of fire
 L - an uncursed ring of flight
 M - a ring of protection from magic (right hand)
 Z - an uncursed ring of wizardry
Wands
 j - a wand of confusion (20/48)
Scrolls
 l - a scroll of random uselessness {unknown}
 x - a scroll of fog {unknown}
 y - 7 scrolls of remove curse {@r2}
 N - a scroll of noise {unknown}
 P - a scroll of blinking {unknown}
 T - a scroll of brand weapon {unknown}
 V - a scroll of enchant weapon
 W - a scroll of enchant armour
Potions
 k - 2 potions of flight
 m - 5 potions of curing {@q1}
 D - 2 potions of magic {unknown}
 J - a potion of berserk rage {unknown}
 K - a potion of brilliance {unknown}
 X - a potion of lignification {unknown}
Comestibles
 f - 8 bread rations {@e1}
 q - 10 slices of pizza {@e2}
 s - 3 meat rations {@e1}
 E - 4 beef jerkies {@e2}


   Skills:
 - Level 7.5 Fighting
 - Level 10.1 Long Blades
 - Level 8.2 Throwing
 - Level 10.3 Armour
 - Level 5.4 Dodging
 - Level 3.6 Shields
 - Level 5.4 Invocations
 + Level 9.3 Evocations


You had 11 spell levels left.
You didn't know any spells.

Dungeon Overview and Level Annotations

Branches:
Dungeon (9/15)             Temple (0/1) D:7            Lair (2/6) D:9
 Shoals (0/4) Lair:2
  Snake: Lair:2-4    Spider: Lair:2-4       Orc: D:9-12

Altars:
Ashenzari
Elyvilon
Kikubaaqudgha
Makhleb
Nemelex Xobeh
Pakellas
Qazlal
Ru
Sif Muna
Trog
Uskayaw
Yredelemnul
Zin

Shops:
D:9 }

Annotations:
D:4 exclusion: downstairs


Innate Abilities, Weirdness & Mutations

You are under a permanent stasis effect.
You can dig through walls and to a lower floor.
Your four strong arms can wield two-handed weapons with a shield.
You have a pair of large antennae on your head. (SInv)
You are surrounded by a mild repulsion field. (EV +2)


Message History

The polar bear claws you but does no damage. x2
Unknown command.
You start eating one of the 11 slices of pizza {@e2}.
The polar bear bites you.
* * * LOW HITPOINT WARNING * * *
You block the polar bear's attack. x2
You are feeling hungry.
Mmm...
Peppers.
Unknown command.
You beseech Elyvilon to protect your life.
The polar bear bites you but does no damage.
You block the polar bear's attack. x2
Unknown command.
Unknown command.
The frost giant points at you and mumbles some strange words.
The bolt of cold hits you! You resist.
* * * LOW HITPOINT WARNING * * *
The frost giant points at you and mumbles some strange words.
The bolt of cold hits you! You resist.
You die...

..░░
░░.░░░░░░░░...░
░..░░░.░░ ░░░..░░
░...░░.░ ░...░░
.░░░.░.░░░░░
░..░░
░....░..░..░░░.░░
░░..░░░.░...░░░.░
░.░░ ░......░░.░░
░..░ ░░░░)..░░..░
░░.░░ ░.⌠.░░░a░░
░..░ ░➘.)░░░..░
░░.░░ ░....░≈░.░░
░..░ ░..░.░≈░..░
░░.░░░░░░░.░░░..░
░...░░░░.░░░.hC░
░░..░░.░.░ ░░░k░
░.░.░..░░ ░.░░
░░░░...░ ░░{░


You could see a frost giant, a polar bear and a rime drake.

Vanquished Creatures
  2 hydras
  A death yak (IceCv)
  Urug (Lair:2)
  An ice statue (IceCv)
  A black mamba (Lair:1)
  6 komodo dragons
  13 polar bears (IceCv)
  3 blink frogs (Lair:1)
  17 yaks
  3 spriggans (Lair:1)
  2 wyverns
  2 hippogriffs
  Menkaure (D:7)
  A mottled dragon (D:9)
  2 water moccasins (Lair:1)
  3 orc warriors
  2 ice beasts
  5 sky beasts
  A black bear (D:8)
  4 phantoms
  2 ogres
  4 centaurs
  19 wolves
  5 crocodiles
  2 big kobolds
  6 giant frogs
  A scorpion (D:5)
  4 wights
  2 crimson imps
  A giant frog zombie (D:4)
  A centaur zombie (D:9)
  A quasit (D:8)
  3 jellies
  4 hounds
  2 giant frog skeletons
  3 orc priests
  9 iguanas
  7 orc wizards
  7 worker ants
  A hound skeleton (D:6)
  A howler monkey zombie (D:6)
  A worker ant zombie (D:8)
  9 gnolls
  10 adders
  9 river rats
  12 white imps (Lair:2)
  3 oozes
  2 adder skeletons (D:9)
  8 worms
  10 dart slugs
  10 giant geckos
  36 orcs
  10 bats
  9 giant cockroaches
  11 goblins
  2 hobgoblins
  11 jackals
  22 kobolds
  3 quokkas
  5 giant newts
  2 quokka zombies
  13 rats
354 creatures vanquished.

Vanquished Creatures (others)
  2 yaks (IceCv)
  3 wolves (IceCv)
5 creatures vanquished.

Grand Total: 359 creatures vanquished

Notes
Turn   | Place    | Note
-------+----------+-------------------------------------------
     0 | D:1      | utis the Formicid Fighter began the quest for the Orb.
     0 | D:1      | Reached XP level 1. HP: 18/18 MP: 1/1
    65 | D:1      | Reached XP level 2. HP: 24/24 MP: 2/2
   426 | D:1      | Reached XP level 3. HP: 29/29 MP: 3/3
  1332 | D:2      | Reached XP level 4. HP: 35/35 MP: 4/4
  1614 | D:2      | You fall through a shaft for 2 floors!
  1623 | D:5      | Entered Level 5 of the Dungeon
  1940 | D:4      | Reached skill level 5 in Long Blades
  1940 | D:4      | Reached XP level 5. HP: 29/41 MP: 5/5
  3309 | D:2      | Reached XP level 6. HP: 47/47 MP: 6/6
  4246 | D:3      | hmmm
  4596 | D:3      | Reached skill level 1 in Dodging
  4762 | D:3      | Found a white marble altar of Elyvilon.
  4827 | D:3      | Became a worshipper of Elyvilon the Healer
  4951 | D:3      | Found a basalt altar of Yredelemnul.
  5131 | D:3      | Found a glowing silver altar of Zin.
  5131 | D:3      | Found a stormy altar of Qazlal.
  5131 | D:3      | Found an ancient bone altar of Kikubaaqudgha.
  5153 | D:3      | Found a shattered altar of Ashenzari.
  5153 | D:3      | Found a burning altar of Makhleb.
  5325 | D:4      | Found a sparkling altar of Nemelex Xobeh.
  5739 | D:4      | Reached XP level 7. HP: 32/53 MP: 7/7
  6311 | D:5      | Reached * piety under Elyvilon
  6626 | D:5      | Reached skill level 5 in Armour
  6678 | D:5      | Found a deep blue altar of Sif Muna.
  7257 | D:6      | Reached XP level 8. HP: 54/61 MP: 8/8
  7513 | D:6      | Found a hide-covered altar of Uskayaw.
  8310 | D:6      | Reached skill level 5 in Fighting
  8632 | D:6      | Reached XP level 9. HP: 62/68 MP: 9/9
  8830 | D:7      | Got a scorched dagger
  8877 | D:7      | Noticed Menkaure
  8887 | D:7      | Killed Menkaure
  9252 | D:7      | HP: 3/69 [orc wizard/magic dart (5)]
  9542 | D:7      | Found a staircase to the Ecumenical Temple.
  9834 | D:7      | Reached ** piety under Elyvilon
 10358 | D:8      | Found a sacrificial altar of Ru.
 10360 | D:8      | Found an oddly glowing altar of Pakellas.
 10525 | D:8      | Reached skill level 5 in Invocations
 10525 | D:8      | Reached XP level 10. HP: 37/76 MP: 12/14
 11122 | D:8      | Got a spiked ring mail
 11482 | D:8      | Reached skill level 5 in Throwing
 12013 | D:9      | Got a bone great sword
 12713 | D:9      | Found a bloodstained altar of Trog.
 12728 | D:9      | Found Belipi's Gadget Shop.
 12834 | D:9      | Noticed a komodo dragon
 12913 | D:9      | Killed a komodo dragon
 13133 | D:9      | Noticed a komodo dragon
 13197 | D:9      | Killed a komodo dragon
 13239 | D:8      | Identified the +9 great sword "Dauziat" {venom, +Rage rC+ Int+4 Dex+3} (You found it on level 9 of the Dungeon)
 13240 | D:8      | ooookay
 13584 | D:9      | Found a staircase to the Lair.
 13660 | Lair:1   | Entered Level 1 of the Lair of Beasts
 13672 | Lair:1   | Reached XP level 11. HP: 81/81 MP: 15/15
 14033 | Lair:1   | Reached *** piety under Elyvilon
 14610 | Lair:1   | Identified the cursed +1 ring mail of Depression {MR- Str-5 Int+4 Dex+10} (You found it on level 8 of the Dungeon)
 14693 | Lair:1   | Got an ancient ring mail
 14784 | Lair:1   | Identified the +0 ring mail "Nalur" {rPois} (You found it on level 1 of the Lair of Beasts)
 15049 | Lair:1   | Gained mutation: You are surrounded by a mild repulsion field. (EV +2) [potion of beneficial mutation]
 15767 | Lair:2   | Noticed Urug
 15783 | Lair:2   | Killed Urug
 15783 | Lair:2   | Reached skill level 5 in Dodging
 15855 | Lair:1   | Noticed a four-headed hydra
 15869 | Lair:1   | Killed a four-headed hydra
 15893 | Lair:2   | Noticed a death yak
 15893 | Lair:2   | Noticed a death yak
 15894 | Lair:2   | Noticed a death yak
 15894 | Lair:2   | Noticed a death yak
 15914 | Lair:2   | Noticed a five-headed hydra
 15925 | Lair:2   | Killed a five-headed hydra
 15925 | Lair:2   | Reached skill level 10 in Long Blades
 15925 | Lair:2   | Reached skill level 10 in Armour
 15925 | Lair:2   | Reached XP level 12. HP: 72/91 MP: 16/16
 16004 | Lair:2   | Found a frozen archway.
 16070 | IceCv    | Entered an ice cave
 16276 | IceCv    | Reached skill level 1 in Evocations
 16838 | IceCv    | Reached skill level 5 in Evocations
 17816 | IceCv    | Noticed a death yak
 17841 | IceCv    | Killed a death yak
 18384 | IceCv    | Noticed a frost giant
 18437 | IceCv    | HP: 4/91 [frost giant/bolt of cold (14)]
 18452 | IceCv    | Killed from afar by a frost giant

Vault maps used:
D:1:      denvon_arrival_waterhouse, minmay_misc_feat_enclosed,
          minmay_octomino_e4
D:2:      minmay_misc_feat_room
D:3:      kennysheep_slugbush, minmay_overflow_temple_hex, lemuel_round_altar
D:4:      old_standard_altar
D:5:      overflow_temple_1_default, first_bread, gup_sewer_entry_bubbles
D:6:      kennysheep_mini
D:7:      uniq_menkaure
D:8:      overflow_temple_1_default, basic_altar
D:9:      marbit_many_paths, erik_lair_dragon, serial_shops, nicolae_shop_stone,
          grunt_pizzeria
Lair:1:   wad_woods_settlement
Lair:2:   minmay_shoals_entry_lonely_mermaid, portal_ice_cave_entry_imps,
          grunt_megastairs_2, uniq_urug
IceCv:    ice_cave_caverns_02

Skill      XL: |  1  2  3  4  5  6  7  8  9 10 11 12 |
---------------+-------------------------------------+-----
Long Blades    | 3 5 6 7 8 10 | 10.1
Dodging        | 1 3 4 5 |  5.4
Armour         | 4 5 7 8 10 | 10.3
Fighting       | 4 5 7 |  7.5
Invocations    | 5 |  5.4
Throwing       | 8 |  8.2
Evocations     | 9 |  9.3
Shields        | |  3.6

Action                   |  1- 3 |  4- 6 |  7- 9 | 10-12 || total
-------------------------+-------+-------+-------+-------++-------
Melee: Long sword        |   130 |   282 |   557 |   214 ||  1183
       Lajatang          |       |       |       |    38 ||    38
       Great sword       |       |       |       |   358 ||   358
 Fire: Blowgun           |       |       |     3 |    73 ||    76
       Shortbow          |       |       |     2 |    16 ||    18
Throw: Stone             |     9 |    50 |    23 |     6 ||    88
       Tomahawk          |       |     6 |    65 |    73 ||   144
       Javelin           |       |       |       |     4 ||     4
Invok: Lesser Healing    |       |       |       |     9 ||     9
       Divine Protection |       |       |       |     2 ||     2
 Abil: Dig               |       |     4 |     2 |    11 ||    17
Evoke: Wand              |       |       |       |     2 ||     2
  Use: Scroll            |     3 |     2 |     8 |     6 ||    19
       Potion            |       |       |     6 |     1 ||     7
  Eat: Chunk             |     2 |     9 |    15 |    24 ||    50
       Meat ration       |       |     1 |       |       ||     1
       Fruit             |       |       |     2 |       ||     2
       Royal jelly       |       |       |       |     1 ||     1
       Pizza             |       |       |       |     2 ||     2
Armor: Scale mail        |    34 |    87 |    51 |       ||   172
       Chain mail        |       |       |    90 |   293 ||   383
Dodge: Dodged            |    33 |    66 |   115 |   216 ||   430
Block: Shield            |    54 |   101 |   206 |   298 ||   659
